 Dungeon Crawl Stone Soup version 0.32-a0-126-g9fbf7fb75a (webtiles) character file.

Game seed: 5210401681792128726

5229 Nattfarinn the Fighter (level 10, -10/166 HPs)
             Began as an Oni Hedge Wizard on Feb 7, 2024.
             Was a Believer of Hepliaklqana.
             Engulfed by a cloud of flame (12 damage)
             ... on level 8 of the Dungeon.
             The game lasted 00:24:12 (11221 turns).

Nattfarinn the Fighter (Oni Hedge Wizard)          Turns: 11221, Time: 00:24:12

Health: -10/166    AC: 25    Str: 16    XL:     10   Next: 61%
Magic:  17/23      EV:  1    Int: 19    God:    Hepliaklqana [**....]
Gold:   417        SH:  0    Dex:  8    Spells: 21/27 levels left

rFire   . . .        o - +2 whip (elec)
rCold   . . .        (no shield)
rNeg    . . .        I - melded +2 robe {Will+}
rPois   +            c - melded +0 hat
rElec   .            (cloak currently unavailable)
rCorr   .            (gloves unavailable)
SInv    +            (boots unavailable)
Will    +....        p - amulet of regeneration
Stlth   +            j - +5 ring of evasion
HPRegen 1.27/turn    m - ring of see invisible
MPRegen 0.18/turn

%: no passive effects
@: mighty, tree-form, very slightly contaminated, hasted, invisible, very quick
A: stationary, stasis, torment immunity, boosted hp, reduced essence, large,
unfitting armour, (horns 1), (tough skin 1), double potion healing, drunken
brawling, (iridescent scales 1), (fire resistance 1), (poison resistance),
robust 1
a: Renounce Religion, Recall Ancestor, Ancestor Identity


You were on level 8 of the Dungeon.
You worshipped Hepliaklqana.
Hepliaklqana was pleased with you.
You were a tree.
You visited 2 branches of the dungeon, and saw 9 of its levels.
You also visited: Sewer.

You collected 417 gold pieces.

Inventory:

Hand Weapons
 a - a +0 dagger
 h - a +0 whip
 o - a +2 whip of electrocution (weapon)
 K - a +2 hand axe of electrocution
Missiles
 L - a throwing net
Armour
 b - a +0 robe
 c - a +0 hat (melded)
 I - a +2 robe of willpower (melded)
Magical Staves
 u - a staff of fire
Jewellery
 j - a +5 ring of evasion (left branch)
 m - a ring of see invisible (right branch)
 p - an amulet of regeneration (around neck)
 B - a ring of willpower
Wands
 v - a wand of iceblast (22)
 y - a wand of quicksilver (7)
 C - a wand of mindburst (8)
Scrolls
 e - a scroll of blinking
 f - 4 scrolls of teleportation
 g - 3 scrolls of fog
 i - a scroll of poison
 k - a scroll of amnesia {unknown}
 l - a scroll of vulnerability {unknown}
 q - 4 scrolls of noise
 t - a scroll of revelation {unknown}
 w - a scroll of brand weapon {unknown}
 H - a scroll of immolation
Potions
 d - 4 potions of magic
 n - a potion of cancellation {unknown}
 r - a potion of brilliance {unknown}
 s - a potion of might
 A - 2 potions of lignification
 G - a potion of degeneration {unknown}


   Skills:
 - Level 10.6 Fighting
 + Level 6.2 Maces & Flails
 - Level 1.7 Dodging
 - Level 1.4 Stealth
 - Level 9.1 Spellcasting
 - Level 4.5 Conjurations
 - Level 0.8 Summonings
 - Level 0.8 Translocations
 - Level 6.2 Earth Magic


You had 21 spell levels left.
You knew the following spells:

 Your Spells              Type           Power      Damage    Failure   Level
a - Magic Dart            Conj           100%       1d8       1%          1
b - Shock                 Conj/Air       68%        1d7       3%          1
c - Sandblast             Erth           64%        2d14      1%          1
d - Stone Arrow           Conj/Erth      58%        3d10      2%          3

Your spell library contained the following spells:

 Spells                   Type           Power      Damage    Failure   Level
 Passwall                 Erth           32%        N/A       1%          3
 Freeze                   Ice            32%        1d5       9%          1
 Slow                     Hex            32%        N/A       9%          1
 Blink                    Tloc           22%        N/A       9%          2
 Call Imp                 Summ           22%        N/A       9%          2
 Brom's Barrelling Bould  Conj/Erth      29%        2d5       9%          4
 Dazzling Flash           Conj/Hex       34%        N/A       10%         3
 Hailstorm                Conj/Ice       17%        3d6       10%         3
 Cigotuvi's Dreadful Rot  Necr/Alch/Air  16%        N/A       12%         2
 Mephitic Cloud           Conj/Alch/Air  14%        N/A       13%         3
 Summon Ice Beast         Ice/Summ       10%        N/A       21%         3
 Confusing Touch          Hex            8%         N/A       24%         3
 Frozen Ramparts          Ice            16%        1d3       24%         3
 Sigil of Binding         Hex            8%         N/A       24%         3
 Swiftness                Air            8%         N/A       24%         3
 Vampiric Draining        Necr           8%         2d6       24%         3
 Martyr's Knell           Necr/Summ      10%        N/A       56%         4
 Summon Lightning Spire   Summ/Air       10%        N/A       56%         4
 Dispel Undead            Necr           8%         3d8       63%         4
 Ignite Poison            Fire/Alch      8%         N/A       63%         4
 Freezing Cloud           Conj/Ice/Air   7%         6-21      77%         5
 Summon Mana Viper        Hex/Summ       10%        N/A       88%         5
 Curse of Agony           Necr           8%         N/A       92%         5
 Silence                  Hex/Air        4%         N/A       92%         5
 Death Channel            Necr           4%         N/A       100%        6
 Sculpt Simulacrum        Ice/Alch       4%         N/A       100%        6
 Monstrous Menagerie      Summ           5%         N/A       100%        7


Dungeon Overview and Level Annotations

Branches:
Dungeon (8/15)             Temple (1/1) D:4           Sewer (visited)
   Lair: D:8-11

Altars:
Ashenzari
Cheibriados
Dithmenos
Elyvilon
Gozag
Hepliaklqana
Nemelex Xobeh
Qazlal
Ru
Trog
Uskayaw
Wu Jian
Xom
Yredelemnul
Zin
The Shining One

Shops:
D:5 *


Innate Abilities, Weirdness & Mutations

You are a tree.
Your roots penetrate the ground, keeping you stationary.
You cannot be teleported.
You are immune to unholy pain and torment.
Your maximum health is greatly increased.
Your equipment is partially melded.
Your life essence is reduced to manifest your ancestor. (-10% HP)
You are too large for most types of armour.
((You have a pair of small horns on your head.))
((You have tough skin. (AC +1)))
You gain doubled healing and magic from potions.
Whenever you drink a healing potion, you attack all around you.
((You are partially covered in iridescent scales. (AC +2)))
((Your flesh is heat resistant. (rF+)))
((Your system is resistant to poisons. (rPois)))
You are robust. (+10% HP)


Message History

You miscast Shock.
You are very lightly contaminated with residual magic.
Nothing appears to happen.
The orc hits you but does no damage.
The death yak is engulfed in blazing flames.
Flame seeps out of the death yak.
The death yak gores you.
Unknown command.
Casting: Shock (safe; 3% risk of failure)
Confirm with . or Enter, or press ? or * to list all spells.
Aiming: Shock (safe; 3% risk of failure)
Press: ? - help, Shift-Dir - straight line, f/p - rat
Aim: a rat (inner flame, 71% to hit)
The zap hits the death yak.
Flame seeps out of the death yak.
The death yak is almost dead.
The zap misses the hell rat.
The zap hits the rat.
The rat explodes!
The fiery explosion engulfs the hell rat!
The hell rat explodes!
The fiery explosion engulfs the death yak!!!
The death yak explodes!
The fiery explosion engulfs the orc!
The fiery explosion engulfs you.
The orc explodes!
The fiery explosion engulfs you!!
You are engulfed in blazing flames.
* * * LOW HITPOINT WARNING * * *
You hear a loud squeak.
You hear a shout!
You hear a loud squeak.
Your Maces & Flails skill increases to level 6!
You cannot move.
It was a potion of mutation.
You feel extremely strange.
You feel resistant to heat.
You feel robust.
Iridescent scales grow over part of your body.
You feel resistant to poisons.
You are engulfed in blazing flames.
* * * LOW HITPOINT WARNING * * *
It was a potion of invisibility.
You fade into invisibility!
You are engulfed in blazing flames.
* * * LOW HITPOINT WARNING * * *
It was a potion of haste.
You feel yourself speed up.
You are engulfed in blazing flames.
You die...
Hepliaklqana delivers you to your ancestors.

#.##.# #.).....).).....
#.##.####'######)..#.###
..##.##...R..# #...#
..##.)'......###...#
####......##....#
#......##.####
#......##.# +##
#...#####.# #.#
#...#####♣# #.#
#...##§§.§# #.##
######§##§## #..#
####.#†..####..#
#.YY..._.......#
....r.####...#.##..#
..... ##.##.##..# ....
#....##..# .r.
#.########


There were no monsters in sight!

Vanquished Creatures
  3 death yaks (D:8)
  A hornet (D:7)
  2 ice beasts (D:7)
  An orc warrior (D:7)
  2 ogres
  2 black bears (D:6)
  3 centaurs
  2 gnoll sergeants
  A bullfrog (D:7)
  2 wights
  4 bombardier beetles
  4 jellies
  3 hounds
  An orc priest (D:7)
  2 iguanas
  A sleepcap (D:6)
  5 orc wizards
  A hell rat (D:8)
  17 gnolls
  4 adders
  4 river rats
  A shadow imp (D:5)
  2 white imps (D:5)
  4 dart slugs
  17 orcs
  9 ball pythons
  9 endoplasms
  8 giant cockroaches
  4 goblins
  3 hobgoblins
  10 jackals
  7 kobolds
  2 quokkas
  4 bats (D:1)
  7 frilled lizards
  9 rats
161 creatures vanquished.

Vanquished Creatures (collateral kills)
  Maurice (D:8)
  A sky beast (D:6)
  An ogre (D:7)
  A centaur (D:7)
  A phantom (D:6)
  A kobold brigand (D:7)
  A bullfrog (D:7)
  2 wights (D:7)
  A howler monkey (D:6)
  2 hounds
  A jelly (Sewer)
  2 gnoll boudas
  4 orc wizards
  An iguana (D:6)
  6 gnolls
  An adder (Sewer)
  2 river rats (Sewer)
  2 white imps (D:6)
  2 ribbon worms (Sewer)
  8 orcs
  4 ball pythons
  A giant cockroach (Sewer)
  A kobold (D:7)
  A frilled lizard (Sewer)
  A rat (Sewer)
49 creatures vanquished.

Vanquished Creatures (others)
  A knight (D:8)
  6 ancestors
7 creatures vanquished.

Grand Total: 217 creatures vanquished

Notes
Turn   | Place    | Note
-------+----------+-------------------------------------------
     0 | D:1      | Nattfarinn the Oni Hedge Wizard began the quest for the
                  | Orb.
     0 | D:1      | Reached XP level 1. HP: 16/16 MP: 5/5
   117 | D:1      | Reached skill level 1 in Fighting
   186 | D:1      | Reached skill level 2 in Fighting
   206 | D:1      | Reached XP level 2. HP: 28/28 MP: 0/6
   405 | D:1      | Found a faded altar of an unknown god.
   441 | D:1      | Reached skill level 3 in Fighting
   600 | D:1      | Reached XP level 3. HP: 37/37 MP: 6/8
  1347 | D:1      | Reached skill level 4 in Fighting
  2152 | D:2      | Got Deteschokk's Incunable of the Stormy Tundra
  2237 | D:2      | Learned a level 1 spell: Shock
  2462 | D:3      | Reached XP level 4. HP: 42/49 MP: 0/9
  2639 | D:3      | Reached skill level 5 in Fighting
  2939 | D:3      | Reached skill level 6 in Fighting
  2939 | D:3      | Reached XP level 5. HP: 28/59 MP: 0/10
  3303 | D:3      | Found a sparkling altar of Nemelex Xobeh.
  3945 | D:3      | Found a basalt altar of Yredelemnul.
  4020 | D:4      | Reached skill level 7 in Fighting
  4183 | D:4      | Reached XP level 6. HP: 48/71 MP: 2/11
  4583 | D:4      | Reached skill level 8 in Fighting
  4849 | D:4      | Found a staircase to the Ecumenical Temple.
  4858 | Temple   | Entered the Ecumenical Temple
  4937 | Temple   | Became a worshipper of Hepliaklqana the Forgotten
  5393 | D:4      | Reached skill level 9 in Fighting
  5393 | D:4      | Reached XP level 7. HP: 11/83 MP: 5/12
  5458 | D:4      | Found a broken altar of Ashenzari.
  5979 | D:5      | Entered Level 5 of the Dungeon
  6131 | D:5      | Found Zufaiwif's General Store.
  6191 | D:5      | Reached * piety under Hepliaklqana
  6321 | D:5      | Reached skill level 10 in Fighting
  7175 | D:6      | Reached skill level 5 in Spellcasting
  7175 | D:6      | Reached XP level 8. HP: 22/86 MP: 3/16
  7239 | D:6      | Found a bloodstained altar of Trog.
  7242 | D:6      | Found a glowing golden altar of the Shining One.
  7556 | D:6      | Found a glowing drain.
  7561 | Sewer    | Entered a sewer
  7793 | Sewer    | Reached ** piety under Hepliaklqana
  7814 | Sewer    | Reached XP level 9. HP: 91/91 MP: 1/21
  8006 | Sewer    | Found a viscous altar of Jiyva.
  8116 | Sewer    | Learned a level 1 spell: Sandblast
  8120 | Sewer    | Learned a level 3 spell: Stone Arrow
  8132 | D:6      | Reached skill level 1 in Conjurations
  8332 | D:6      | Reached skill level 1 in Earth Magic
  9194 | D:7      | Noticed a hornet
  9208 | D:7      | Killed a hornet
  9819 | D:6      | Remembered your ancestor Nadya as a knight
 10256 | D:7      | Reached skill level 5 in Earth Magic
 10869 | D:8      | Noticed Maurice
 10882 | D:8      | Killed Maurice
 10883 | D:8      | Reached XP level 10. HP: 96/99 MP: 12/23
 11155 | D:8      | Found a stormy altar of Qazlal.
 11166 | D:8      | Noticed a death yak
 11191 | D:8      | Noticed a death yak
 11204 | D:8      | HP: 7/148 [poisoned by you (poison gas)]
 11205 | D:8      | Killed a death yak
 11211 | D:8      | Noticed a death yak
 11213 | D:8      | Killed a death yak
 11214 | D:8      | Reached skill level 5 in Maces & Flails
 11218 | D:8      | Killed a death yak
 11219 | D:8      | Gained mutation: Your flesh is heat resistant. (rF+)
                  | [potion of mutation]
 11219 | D:8      | Gained mutation: You are robust. (+10% HP) [potion of
                  | mutation]
 11219 | D:8      | Gained mutation: You are partially covered in iridescent
                  | scales. (AC +2) [potion of mutation]
 11219 | D:8      | Gained mutation: Your system is resistant to poisons.
                  | (rPois) [potion of mutation]
 11220 | D:8      | HP: 1/166 [cloud of flame (25)]
 11221 | D:8      | Engulfed by a cloud of flame

Illustrated notes

Levels and vault maps discovered:
D:1:      enne_arrival_octagon_isle, layout_basic,
          shapermc_ecumenical_altar_mp_ritualfount, kennysheep_boxes
D:2:      layout_basic
D:3:      layout_loops_cross, mainiacjoe_overflow_surrounded_room,
          mainiacjoe_overflow_brackets
D:4:      layout_layer_cave, ashenzari_conservatory_becter,
          minmay_temple_entry_junction, item_on_display_a
D:5:      layout_basic, serial_shops, nicolae_shop_real_fake_doors,
          nicolae_elevator_lobby_asterisk
D:6:      layout_basic, chequers_temple_overflow_statue_of_worship,
          portal_sewer_entry_e
D:7:      layout_loops_corners
D:8:      layout_basic, fedhas_altar_1, nicolae_overflow_crystal_walls,
          demons_altar, dpeg_lair_monsters, uniq_jeremiah, uniq_maurice,
          uniq_maggie
Temple:   jpeg_temple_alley_garden

Skill      XL: |  1  2  3  4  5  6  7  8  9 10 |
---------------+-------------------------------+-----
Fighting       | 2 3 4 6 7 9 10 | 10.6
Spellcasting   | 5 8 9 |  9.1
Conjurations   | 4 |  4.5
Earth Magic    | 6 |  6.2
Maces & Flails | 6 |  6.2
Dodging        | |  1.7
Stealth        | |  1.4
Summonings     | |  0.8
Translocations | |  0.8

Action                     |  1- 3 |  4- 6 |  7- 9 | 10-12 || total
---------------------------+-------+-------+-------+-------++-------
  Melee: Dagger            |    17 |       |       |       ||    17
         Headbutt          |     8 |    16 |    33 |       ||    57
         Whip              |    33 |    48 |       |     3 ||    84
         Punch             |     2 |     4 |     9 |       ||    15
         Staff             |       |    48 |   136 |       ||   184
   Cast: Magic Dart        |    77 |     7 |       |     2 ||    86
         Shock             |       |   154 |   277 |    29 ||   460
         Stone Arrow       |       |       |     7 |       ||     7
 Invoke: Recall Ancestor   |       |       |     3 |     1 ||     4
         Ancestor Life: Kn |       |       |     1 |       ||     1
         Ancestor Identity |       |       |       |     1 ||     1
    Use: Potion            |       |     1 |     1 |     7 ||     9
         Scroll            |       |       |     6 |     5 ||    11
   Stab: Distracted        |       |       |     1 |       ||     1
 Armour: Robe              |    49 |   104 |   171 |     1 ||   325
         Skin              |       |       |       |    17 ||    17
  Dodge: Dodged            |    50 |   135 |   229 |     2 ||   416

Table legend: (Time is in decaauts)
 A = Elapsed time spent in this place.
 B = Non-inter-level travel time spent in this place.
 C = Inter-level travel time spent in this place.
 D = Time resting spent in this place.
 E = Time spent auto-exploring this place.
 F = Levels seen in this place.
 G = Mean time per level.
                   A        B        C        D        E       F      G
               +--------+--------+--------+--------+--------+-----+--------+
         Total |  11275 |  10827 |    448 |    714 |   8192 |  10 | 1127.5 |
       Dungeon |  10601 |  10259 |    342 |    714 |   7784 |   8 | 1325.1 |
        Temple |    112 |      6 |    106 |      0 |      0 |   1 |  112.0 |
         Sewer |    561 |    561 |      0 |      0 |    408 |   1 |  561.0 |
               +--------+--------+--------+--------+--------+-----+--------+

Top non-repeatable levels by time:
     D:4: 1878 daAuts
     D:7: 1672 daAuts
     D:6: 1546 daAuts
     D:3: 1398 daAuts
     D:1: 1319 daAuts
     D:2: 1291 daAuts
     D:5: 1054 daAuts
   Sewer: 561 daAuts
     D:8: 441 daAuts
  Temple: 112 daAuts
